 Dungeon Crawl Stone Soup version 0.22-a0-126-g307c7c3 (webtiles) character file.

10607 SnubMonkey the Archer (level 11, -4/97 HPs)
             Began as a Centaur Hunter on Jan 30, 2018.
             Was a High Priest of Okawaru.
             Slain by Snorg (8 damage)
             ... on level 10 of the Dungeon.
             The game lasted 00:36:08 (15769 turns).

SnubMonkey the Archer (Centaur Hunter)             Turns: 15769, Time: 00:36:09

Health: -4/97      AC:  8    Str: 18    XL:     11   Next: 38%
Magic:  16/16      EV: 10    Int: 10    God:    Okawaru [*****.]
Gold:   448        SH:  0    Dex: 10    Spells: 10/10 levels left

rFire    . . .     SeeInvis .   a - +1 shortbow
rCold    . . .     Gourm    .   (shield currently unavailable)
rNeg     . . .     Faith    .   r - +0 ring mail
rPois    .         Spirit   .   (no helmet)
rElec    .         Reflect  .   t - +0 cloak
rCorr    .         Harm     .   L - +1 pair of gloves {archery}
MR       .....                  (no barding)
Stlth    ..........             (no amulet)
HPRegen  0.26/turn              (no ring)
MPRegen  0.15/turn              (no ring)

@: very quick
A: large, hooves 3, deformed body, speed 2, tough skin 3
a: Heroism, Finesse, Renounce Religion


You were on level 10 of the Dungeon.
You worshipped Okawaru.
Okawaru was extremely pleased with you.
You were hungry.

You visited 2 branches of the dungeon, and saw 11 of its levels.
You also visited: Ossuary.

You collected 620 gold pieces.
You spent 172 gold pieces at shops.

Inventory:

Hand Weapons
 a - a +1 shortbow (weapon)
 b - a +1 scimitar of holy wrath
 m - a cursed -2 falchion
Missiles
 d - 56 arrows (quivered)
 C - 4 throwing nets
Armour
 e - a +0 scale mail
 r - a +0 ring mail (worn)
 t - a +0 cloak (worn)
 L - a +1 pair of gloves of archery (worn)
 O - a +2 robe of magic resistance
Jewellery
 u - an uncursed ring of ice
 G - a cursed ring of loudness {unknown}
 I - an uncursed amulet of rage {unknown}
 K - a cursed -3 ring of evasion {unknown}
 N - an uncursed ring of wizardry {unknown}
Wands
 D - a wand of paralysis (17)
 F - a wand of flame (26)
Scrolls
 g - 8 scrolls of amnesia
 h - 3 scrolls of fog
 k - 3 scrolls of blinking
 l - 2 scrolls of enchant armour {unknown}
 n - 5 scrolls of remove curse
 v - 5 scrolls of teleportation
 x - 5 scrolls of enchant weapon
 y - 2 scrolls of fear
 z - 2 scrolls of immolation
 A - 2 scrolls of random uselessness {unknown}
 B - 2 scrolls of brand weapon {unknown}
Potions
 c - a potion of flight {unknown}
 i - 2 potions of berserk rage {unknown}
 j - a potion of might {unknown}
 o - a potion of invisibility {unknown}
 p - a potion of heal wounds
 q - a potion of mutation {unknown}
 s - a potion of agility
 w - a potion of cancellation {unknown}
 E - a potion of degeneration {unknown}
 J - a potion of lignification {unknown}
 M - a potion of brilliance {unknown}
Comestibles
 f - 25 rations


   Skills:
 - Level 9.5 Fighting
 * Level 6.3 Long Blades
 - Level 14.0 Bows
 + Level 1.4 Armour
 + Level 4.0 Dodging
 - Level 0.4 Stealth
 + Level 7.8 Invocations


You had 10 spell levels left.
You didn't know any spells.

Dungeon Overview and Level Annotations

Branches:
Dungeon (10/15)            Temple (1/1) D:4            Lair (0/6) D:8
    Orc: D:9-12

Altars:
Ashenzari
Cheibriados
Dithmenos
Elyvilon
Fedhas
Gozag
Hepliaklqana
Kikubaaqudgha
Makhleb
Nemelex Xobeh
Okawaru
Qazlal
Ru
Sif Muna
Trog
Uskayaw
Vehumet
Wu Jian
Xom
Yredelemnul
Zin
The Shining One

Shops:
D:8 [

Annotations:
D:7 exclusion: statue
D:10 Snorg


Innate Abilities, Weirdness & Mutations

You have hooves in place of feet.
Armour fits poorly on your strangely shaped body.
You cover ground very quickly.
You have extremely tough skin. (AC +3)


Message History

a dagger of venom; a robe
Things that are here:
a trident; 4 tomahawks; a chain mail Snorg bites you!
* * * LOW HITPOINT WARNING * * *
Snorg claws you!
* * * LOW HITPOINT WARNING * * *
Snorg closely misses you.
Snorg rages.
Snorg rages.
Snorg rages.
You feel much better. Snorg bites you!
* * * LOW HITPOINT WARNING * * *
Snorg claws you but does no damage. Snorg claws you!
* * * LOW HITPOINT WARNING * * *
You see here a buckler.
Snorg closely misses you. Snorg claws you!
* * * LOW HITPOINT WARNING * * *
Snorg claws you!
You die...

... #.. #.# #..........###.
.....#.####.###.########..<..
#.......(.(.((((((((..##.##.#
######.#####.########(##.##.#
#( #.# #(##.##.# (T #.#
#(##.##.# ... ##.##
##(##.##.# ..(<.###...###
#.(......# ..(.......@...#
#..##.#### ##....####.T.#.#
#.>...# ##[##.# #..####
#.##.# #.(# #.##.# ##..#
#.##.###..(######
##........#......#
#...#.###^..####.# #.....#
##.##


You could see Snorg (berserk).

Vanquished Creatures
  Erolcha (D:9)
  Harold (D:10)
  Nergalle (D:10)
  Pikel (D:8)
  Psyche (D:8)
  The ghost of Regeox the Chopper, a novice HOFi of Okawaru (D:4)
  A freezing wraith (D:10)
  The ghost of tof the Cudgeler, an amateur MiFi (D:3)
  A hornet (D:10)
  A hippogriff (D:7)
  A wraith (D:10)
  A basilisk (D:8)
  4 porcupines (D:8)
  A water moccasin (D:7)
  2 slaves (D:8)
  3 black bears
  2 phantoms
  An orc warrior (D:7)
  2 sky beasts
  4 ogres
  A necrophage (D:9)
  2 ice beasts
  3 wolves (D:8)
  5 centaurs
  2 crocodiles (D:8)
  5 elf zombies (Ossuary)
  4 bullfrogs
  2 big kobolds (D:7)
  A gnoll sergeant (D:8)
  3 scorpions
  13 killer bees
  7 wights
  2 howler monkeys (D:4)
  A crimson imp (D:10)
  2 centaur zombies (Ossuary)
  3 hounds
  A bullfrog zombie (D:7)
  4 jellies
  5 orc wizards
  A quasit (D:6)
  3 orc priests
  A bullfrog skeleton (D:10)
  A gnoll shaman (D:6)
  5 human zombies (Ossuary)
  An iguana (D:8)
  5 worker ants
  2 killer bee zombies
  2 hound skeletons
  3 mummies (Ossuary)
  A worker ant zombie (D:5)
  12 gnolls
  10 adders
  2 shadow imps
  6 oozes
  An adder skeleton (D:7)
  4 worms
  2 dart slugs
  5 leopard geckos
  39 orcs
  5 giant cockroaches
  7 goblins
  7 hobgoblins
  6 jackals
  11 kobolds
  5 quokkas
  3 ball pythons
  13 bats
  4 frilled lizards
  A leopard gecko zombie (D:6)
  7 rats
272 creatures vanquished.

Vanquished Creatures (others)
  A two-headed ogre (D:8)
  A slave (D:8)
  An orc (D:8)
  3 fungi (D:4)
6 creatures vanquished.

Grand Total: 278 creatures vanquished

Notes
Turn   | Place    | Note
-------+----------+-------------------------------------------
     0 | D:1      | SnubMonkey the Centaur Hunter began the quest for the Orb.
     0 | D:1      | Reached XP level 1. HP: 17/17 MP: 1/1
   313 | D:1      | Reached skill level 6 in Bows
   313 | D:1      | Reached XP level 2. HP: 20/24 MP: 2/2
   988 | D:2      | Reached XP level 3. HP: 29/29 MP: 3/3
  1127 | D:2      | Reached skill level 7 in Bows
  1515 | D:2      | Reached XP level 4. HP: 33/36 MP: 4/4
  2455 | D:3      | Found an opulent altar of Gozag.
  2576 | D:3      | Reached skill level 8 in Bows
  2634 | D:3      | Found an ancient bone altar of Kikubaaqudgha.
  2843 | D:3      | Noticed tof's ghost (amateur MiFi)
  3141 | D:3      | Killed tof's ghost
  3141 | D:3      | Reached skill level 10 in Bows
  3141 | D:3      | Reached XP level 5. HP: 37/41 MP: 5/5
  3141 | D:3      | Reached XP level 6. HP: 44/48 MP: 6/6
  4144 | D:4      | Found a sand-covered staircase.
  4154 | Ossuary  | Entered an ossuary
  4216 | Ossuary  | Reached XP level 7. HP: 27/57 MP: 7/7
  4563 | Ossuary  | Reached skill level 11 in Bows
  5249 | Ossuary  | Reached XP level 8. HP: 32/67 MP: 8/8
  5480 | D:4      | Reached skill level 5 in Fighting
  5569 | D:4      | Noticed Regeox's ghost (novice HOFi)
  5746 | D:4      | Reached skill level 12 in Bows
  6124 | D:4      | Killed Regeox's ghost
  6264 | D:4      | Found a blossoming altar of Fedhas.
  6324 | D:4      | Found a staircase to the Ecumenical Temple.
  6333 | Temple   | Entered the Ecumenical Temple
  6395 | Temple   | Became a worshipper of Warmaster Okawaru
  6533 | D:5      | Entered Level 5 of the Dungeon
  7420 | D:5      | Found a glowing silver altar of Zin.
  7798 | D:6      | Reached skill level 1 in Invocations
  8039 | D:6      | Reached XP level 9. HP: 60/78 MP: 10/10
  8225 | D:6      | Reached skill level 13 in Bows
  8242 | D:6      | Reached * piety under Okawaru
  9178 | D:7      | Reached ** piety under Okawaru
  9834 | D:7      | Reached skill level 5 in Invocations
  9922 | D:7      | HP: 3/81 [killer bee (4)]
  9945 | D:7      | Reached skill level 14 in Bows
 10394 | D:7      | Found a radiant altar of Vehumet.
 10952 | D:8      | Found a hide-covered altar of Uskayaw.
 11296 | D:8      | Noticed Pikel
 11316 | D:8      | Reached XP level 10. HP: 61/90 MP: 14/14
 11362 | D:8      | Killed Pikel
 11362 | D:8      | Reached *** piety under Okawaru
 11362 | D:8      | Reached skill level 1 in Long Blades
 11513 | D:8      | Noticed Psyche
 11539 | D:8      | Found a staircase to the Lair.
 11597 | D:8      | Noticed a two-headed ogre
 11704 | D:8      | Killed a two-headed ogre
 11716 | D:8      | HP: 1/91 [ice beast (14)]
 12262 | D:8      | Reached **** piety under Okawaru
 12262 | D:8      | Received a gift from Okawaru
 12452 | D:8      | Found Vaiwogom's Antique Armour Shoppe.
 12692 | D:8      | Bought a pair of embroidered gloves for 172 gold pieces
 13064 | D:8      | Found a burning altar of Makhleb.
 13066 | D:8      | Found a snail-covered altar of Cheibriados.
 13071 | D:8      | Found a bloodstained altar of Trog.
 13116 | D:8      | Killed Psyche
 13235 | D:9      | Noticed Erolcha
 13244 | D:9      | Killed Erolcha
 13244 | D:9      | Reached skill level 5 in Long Blades
 13245 | D:9      | Found a blossoming altar of Fedhas.
 13281 | D:9      | Reached XP level 11. HP: 58/97 MP: 16/16
 14566 | D:10     | Entered Level 10 of the Dungeon
 14639 | D:10     | Noticed Harold
 14642 | D:10     | Paralysed by a hornet for 3 turns
 15084 | D:10     | Killed Harold
 15084 | D:10     | Reached skill level 1 in Armour
 15291 | D:10     | Noticed Nergalle
 15326 | D:10     | Killed Nergalle
 15326 | D:10     | Reached ***** piety under Okawaru
 15632 | D:10     | Noticed Snorg
 15657 | D:10     | Received a gift from Okawaru
 15769 | D:10     | HP: 4/97 [Snorg (16)]
 15769 | D:10     | Slain by Snorg

Vault maps used:
D:1:      dpeg_arrival_brainrot, minmay_split_cup_small
D:2:      serial_bayou_lagoon_a
D:3:      kiku_gazebo_pond_becter, lemuel_round_altar, first_ration,
          grunt_ministairs_5
D:4:      fedhas_altar_3, minmay_temple_entry_enclosed_plants,
          chequers_ossuary_entry_cave
D:5:      lemuel_coloured_pillars_altar, kennysheep_generic_room_4
D:6:      serial_glass, glass_columns_c, glass_columns_c, glass_columns_c,
          glass_columns_a
D:7:      vehumet_statue
D:8:      grunt_temple_overflow_diamond, minmay_lair_entry_grove, basic_altar,
          serial_shops, nicolae_shop_trees, corner_web_ring, uniq_psyche,
          uniq_pikel
D:9:      basic_altar, hangedman_little_slice_of_home,
          hangedman_abyss_or_decor_clamps, uniq_erolcha
D:10:     orc_0_dummy, uniq_nergalle, uniq_snorg, uniq_josephine, uniq_harold
Temple:   eino_temple_water
Ossuary:  ossuary_minmay_four_chambers

Skill      XL: |  1  2  3  4  5  6  7  8  9 10 11 |
---------------+----------------------------------+-----
Bows           | 6 7 10 11 12 14 | 14.0
Fighting       | 3 4 6 8 9 |  9.5
Invocations    | 2 5 7 |  7.8
Long Blades    | 5 6 |  6.3
Dodging        | 3 4 |  4.0
Armour         | 1 |  1.4
Stealth        | |  0.4

Action                   |  1- 3 |  4- 6 |  7- 9 | 10-12 || total
-------------------------+-------+-------+-------+-------++-------
Melee: Short sword       |    97 |   131 |   195 |     7 ||   430
       Kick              |    15 |    33 |    60 |    13 ||   121
       Scimitar          |       |       |     3 |    51 ||    54
       Punch             |       |       |       |     1 ||     1
 Fire: Shortbow          |     9 |   127 |   500 |   421 ||  1057
Invok: Heroism           |       |       |     2 |     9 ||    11
  Use: Potion            |     1 |     1 |     8 |     1 ||    11
       Scroll            |       |     4 |     8 |       ||    12
  Eat: Chunk             |     1 |     7 |    12 |     7 ||    27
       Ration            |       |       |     2 |     1 ||     3
Armor: Leather armour    |    33 |    23 |       |       ||    56
       Ring mail         |       |    15 |    84 |    47 ||   146
       Robe              |       |    14 |       |       ||    14
Dodge: Dodged            |    60 |    69 |   135 |    70 ||   334
       Rpst.: Scimitar   |       |       |     2 |     9 ||    11

Table legend:
 A = Spawn XP
 B = Non-spawn XP
 C = Spawn XP percentage of total XP
 D = Spawn monster count
 E = Non-spawn monster count
 F = Spawn count percentage of total count
 G = Total turns spent on level
                    A         B        C        D         E        F      G
               +---------+---------+-------+---------+---------+-------+---------
         Total |       0 |   15153 |   0.0 |       0 |     271 |   0.0 | 15769
               +---------+---------+-------+---------+---------+-------+---------
           D:1 |       0 |      31 |   0.0 |       0 |      19 |   0.0 |   873
           D:2 |       0 |      96 |   0.0 |       0 |      26 |   0.0 |  1518
           D:3 |       0 |     406 |   0.0 |       0 |      29 |   0.0 |  1516
           D:4 |       0 |     880 |   0.0 |       0 |      27 |   0.0 |  1239
           D:5 |       0 |     189 |   0.0 |       0 |       7 |   0.0 |  1201
           D:6 |       0 |    1252 |   0.0 |       0 |      26 |   0.0 |  1386
           D:7 |       0 |    1726 |   0.0 |       0 |      37 |   0.0 |  2056
           D:8 |       0 |    4314 |   0.0 |       0 |      36 |   0.0 |  2015
           D:9 |       0 |    2449 |   0.0 |       0 |      37 |   0.0 |  1717
          D:10 |       0 |    2977 |   0.0 |       0 |      12 |   0.0 |   861
       Ossuary |       0 |     833 |   0.0 |       0 |      15 |   0.0 |  1307
               +---------+---------+-------+---------+---------+-------+---------
